 Dungeon Crawl Stone Soup version 0.31-a0-408-gb642c7f9a3 (webtiles) character file.

Game seed: 9635846319874518369

137461 olmar the Bludgeoner (level 16, -2/157 HPs)
             Began as an Armataur Fighter on July 29, 2023.
             Was an Initiate of Gozag.
             Slain by an earth elemental (25 damage)
             ... summoned by a deep elf elementalist
             ... on level 3 of the Elven Halls.
             The game lasted 01:02:42 (37944 turns).

olmar the Bludgeoner (Armataur Fighter)            Turns: 37944, Time: 01:02:42

Health: -2/157     AC: 26    Str: 29 (31) XL:     16   Next: 69%
Magic:  16/16      EV:  7    Int: 10      God:    Gozag
Gold:   1578       SH: 10    Dex: 13 (15) Spells: 15/15 levels left

rFire   + . .        i - +9 mace of Ad Valorem {vamp, *Rage rF+ rC++ rN+}
rCold   + + +        V - +3 warlock's mirror {omnireflect}
rNeg    + . .        T - +6 chain mail "Neenodghy" {rC+ Str-2 Dex+4 SInv}
rPois   +            S - +2 hat {Stlth+}
rElec   .            W - +2 cloak {rPois}
rCorr   .            K - +0 pair of gloves
SInv    +            (no barding)
Will    ++...        Q - amulet of regeneration Stlth
                     n - +6 ring of strength
HPRegen 1.26/turn    F - ring of willpower
MPRegen 0.15/turn

%: random rage (20%), reflection, roll
@: about to teleport, on berserk cooldown, slowed, studying Fighting, very slow
A: large, rugged brown scales 3, deformed body, armoured tail, roll, long
tongue, awkward tongue
a: Renounce Religion, Potion Petition, Call Merchant, Bribe Branch


You were on level 3 of the Elven Halls.
You worshipped Gozag.
Gozag was most pleased with you.
You visited 5 branches of the dungeon, and saw 22 of its levels.
You visited the Abyss 1 time.
You also visited: Ossuary, Ice Cave, Volcano and Wizlab.

You collected 9364 gold pieces.
You spent 3263 gold pieces at shops.
You paid 4523 gold pieces to Gozag.

Inventory:

Hand Weapons
 i - the +9 mace of Ad Valorem (weapon) {vamp, *Rage rF+ rC++ rN+}
   (You bought it in a shop on level 2 of the Elven Halls)

   rF:        It protects you from fire.
   rC:        It greatly protects you from cold.
   rN:        It protects you from negative energy.
   *Rage:     It berserks you when you make melee attacks (+20% chance).
 u - a +1 great mace of flaming
 z - a +3 spectral morningstar
Missiles
 c - 4 curare-tipped darts
 y - 2 silver javelins
 G - 7 poisoned darts
 I - 4 javelins (quivered)
Armour
 a - a +3 leather armour of fire resistance
 s - the +4 robe of Ignis's Inspiration {*Corrode +Inv rPois rN++}
   (You found it on level 5 of the Dungeon)

   rPois:     It protects you from poison.
   rN:        It greatly protects you from negative energy.
   +Inv:      It lets you turn invisible.
   *Corrode:  It may corrode you when you take damage.
 K - a +0 pair of gloves (worn)
 O - a +2 leather armour of resistance
 S - a +2 hat of stealth (worn)
 T - the +6 chain mail "Neenodghy" (worn) {rC+ Str-2 Dex+4 SInv}
   (You bought it in a shop on level 1 of the Orcish Mines)

   Str:       It affects your strength (-2).
   Dex:       It affects your dexterity (+4).
   rC:        It protects you from cold.
   SInv:      It lets you see invisible.
 V - the +3 warlock's mirror (worn) {omnireflect}
   (You bought it in a shop on level 1 of the Orcish Mines)

   Omnireflect: It can block and reflect piercing ranged attacks and magical
   attacks against the wielder's willpower.
 W - a +2 cloak of poison resistance (worn)
 Z - the +2 helmet of the Sunfish {rElec rF- SInv}
   (You bought it in a shop on level 3 of the Elven Halls)

   rF:        It makes you vulnerable to fire.
   rElec:     It insulates you from electricity.
   SInv:      It lets you see invisible.
Jewellery
 f - a ring of protection from cold
 n - a +6 ring of strength (left hand)
 o - a ring of poison resistance
 F - a ring of willpower (right hand)
 L - a ring of ice
 P - a ring of resist corrosion
 Q - an amulet of regeneration (around neck)
 U - a ring of positive energy
Wands
 p - a wand of roots (8)
 v - a wand of quicksilver (3)
 E - a wand of flame (36)
 R - a wand of polymorph (19)
Scrolls
 e - a scroll of brand weapon
 g - 2 scrolls of fear
 k - 5 scrolls of identify
 l - 7 scrolls of enchant armour
 m - a scroll of silence
 q - 2 scrolls of teleportation
 r - 6 scrolls of enchant weapon
 w - 7 scrolls of fog
 C - a scroll of poison
 X - a scroll of torment
Potions
 b - a potion of heal wounds
 d - 2 potions of resistance
 h - a potion of might
 j - 5 potions of attraction
 t - 3 potions of lignification
 x - 6 potions of brilliance
 B - a potion of ambrosia
 H - 2 potions of magic
 M - 7 potions of mutation
 N - 2 potions of cancellation
 Y - 2 potions of curing
Miscellaneous
 D - a lightning rod (4/4)


   Skills:
 + Level 14.9 Fighting
 + Level 17.4 Maces & Flails
 - Level 1.0 Throwing
 + Level 17.0 Armour
 - Level 0.4 Dodging
 - Level 0.1 Stealth
 + Level 13.7 Shields
 + Level 3.1 Evocations


You had 15 spell levels left.
You didn't know any spells.
Your spell library contained the following spells:

 Spells                   Type           Power      Damage    Failure   Level
 Shock                    Conj/Air       0%         1d3       73%         1
 Summon Small Mammal      Summ           0%         N/A       73%         1
 Lesser Beckoning         Tloc           0%         N/A       86%         2
 Poisonous Vapours        Pois/Air       0%         N/A       86%         2
 Call Canine Familiar     Summ           0%         N/A       97%         3
 Gell's Gravitas          Tloc           0%         N/A       97%         3
 Mephitic Cloud           Conj/Pois/Air  0%         N/A       97%         3
 Stone Arrow              Conj/Erth      0%         3d7       97%         3
 Summon Guardian Golem    Hex/Summ       0%         N/A       97%         3
 Swiftness                Air            0%         N/A       97%         3
 Teleport Other           Tloc           0%         N/A       97%         3
 Airstrike                Air            0%         2d(0-16)  100%        4
 Animate Armour           Summ/Erth      0%         N/A       100%        4
 Leda's Liquefaction      Hex/Erth       0%         N/A       100%        4
 Manifold Assault         Tloc           0%         N/A       100%        4
 Summon Ice Beast         Ice/Summ       0%         N/A       100%        4
 Agony                    Necr           0%         N/A       100%        5
 Freezing Cloud           Conj/Ice/Air   0%         6-21      100%        5
 Lee's Rapid Deconstruct  Erth           0%         3d4*      100%        5
 Summon Forest            Summ/Tloc      0%         N/A       100%        5
 Summon Mana Viper        Hex/Summ       0%         N/A       100%        5
 Death Channel            Necr           0%         N/A       100%        6
 Dispersal                Tloc           0%         N/A       100%        6
 Eringya's Noxious Bog    Tmut/Pois      0%         4d6       100%        6
 Leda's Unmaking          Conj/Erth      0%         9d1       100%        6
 Summon Cactus Giant      Summ           0%         N/A       100%        6
 Malign Gateway           Summ/Tloc      0%         N/A       100%        7
 Monstrous Menagerie      Summ           0%         N/A       100%        7
 Ozocubu's Refrigeration  Ice            0%         4d7       100%        7
 Summon Hydra             Summ           0%         N/A       100%        7
 Disjunction              Tloc           0%         N/A       100%        8
 Infestation              Necr           0%         N/A       100%        8
 Lehudib's Crystal Spear  Conj/Erth      0%         10d2      100%        8
 Summon Horrible Things   Summ           0%         N/A       100%        8
 Polar Vortex             Ice            0%         N/A       100%        9
 Simulacrum               Ice/Necr       Unusable   N/A       N/A         6

Dungeon Overview and Level Annotations

Branches:
Dungeon (11/15)            Temple (1/1) D:6            Lair (5/5) D:8
  Swamp (0/4) Lair:2       Spider (0/4) Lair:3        Slime (0/5) Lair:4
    Orc (2/2) D:11            Elf (3/3) Orc:2       Ossuary (visited)
  IceCv (visited)         Volcano (visited)          WizLab (visited)

Altars:
Ashenzari
Cheibriados
Dithmenos
Elyvilon
Fedhas
Gozag
Hepliaklqana
Kikubaaqudgha
Makhleb
Nemelex Xobeh
Okawaru
Qazlal
Ru
Sif Muna
Trog
Uskayaw
Vehumet
Wu Jian
Xom
Yredelemnul
Zin
The Shining One
Jiyva

Shops:
D:3 [   D:5 *   Orc:1 [   Orc:2 !=*=   Elf:2 ((   Elf:3 [

Annotations:
D:2 1 runed translucent door, Crazy Yiuf
Lair:3 1 runed translucent door, shakesphere1979's ghost, journeyman DgEE
Lair:5 3 runed translucent doors, Newt's ghost, journeyman MfGl
Elf:1 6 runed translucent doors
Elf:2 3 runed translucent doors


Innate Abilities, Weirdness & Mutations

You are completely covered in rugged brown scales. (AC +3, +7% HP)
Armour fits poorly on your strangely shaped body.
You have a long armoured tail.
You roll when moving toward enemies. (Rampage)
Your long tongue fully drains potion bottles. (2x potion effects)
Your tongue gives you trouble enunciating. (1.5x scroll delay)


Message History

The bolt of fire hits the orange demon!!!
The deep elf sorcerer shouts!
Unknown command.
As you slowly read the scroll of teleportation, it crumbles to dust.
You feel strangely unstable.
The deep elf elementalist gestures at you while chanting.
Some walls begin to move on their own!
The balrug hits you with a +4 demon whip of venom!
You are engulfed in flames!
You resist.
You hear a shout!
Unknown command.
The balrug gestures at you.
The sticky flame hits you but does no damage.
You are covered in liquid flames!
Unknown command.
The balrug attacks as you move away!
The balrug hits you with a +4 demon whip of venom!
You are engulfed in flames!
You resist.
You are covered in liquid flames!
Your surroundings suddenly seem different.
A deep elf zephyrmancer comes into view.
It is wielding a +0 short sword.
The deep elf demonologist mumbles some strange words.
Unknown command.
As you slowly read the scroll of teleportation, it crumbles to dust.
You feel strangely unstable.
You are covered in liquid flames!
The earth elemental disappears in a puff of smoke! x2
The neqoxec disappears in a puff of smoke!
You block the deep elf zephyrmancer's attack.
The deep elf knight gestures at you while chanting.
The lance of force hits you!!
* * * LOW HITPOINT WARNING * * *
You are knocked back by the lance of force.
You collide with the deep elf zephyrmancer!
The deep elf zephyrmancer is heavily wounded.
* * * LOW HITPOINT WARNING * * *
A +1 mace of protection comes into view.
The earth elemental hits you!!
You die...
Your body crumbles into a pile of gold.

######.###..#......##
##.....## #.#.####.##
##....3.## #.##.# ##.##
##.....4e.###.# #.# ##..
#.....ee.§.##.## #. ##..
#[....§...)....####.#...
#.....<..###.....$.....
##...Ee3## #..$$....#..
#....@.# #.......####
##...e#.# #..######
#....##.##..# #...##
#..... ###.# ###### #.#
..# (.


You could see a deep elf sorcerer (fast), a deep elf elementalist (repels
missiles), a deep elf demonologist, an orange demon (summoned), a deep elf
knight (fast, invisible), an earth elemental (summoned), a deep elf
zephyrmancer, a smoke demon (summoned), a neqoxec (summoned) and a +1 mace of
protection (wandering).

Vanquished Creatures
  Asterion (Elf:1)
  A sphinx (WizLab)
  Gastronok (D:11)
  An acid blob (WizLab)
  3 nagarajas (WizLab)
  2 deep elf sorcerers (WizLab)
  3 demonspawn corrupters (WizLab)
  A formless jellyfish (shapeshifter) (WizLab)
  A stone giant (WizLab)
  A deep elf demonologist (Elf:1)
  Azrael (Elf:1)
  An entropy weaver (WizLab)
  3 deep elf high priests
  A servant of whispers (Elf:2)
  4 hydras
  A merfolk aquamancer (WizLab)
  A boulder beetle (Lair:1)
  14 death yaks
  A centaur warrior (Volcano)
  17 dancing weapons
  2 two-headed ogres
  7 orc high priests
  A thrashing horror (Abyss:2)
  10 deep elf knights
  A hell knight (Volcano)
  Urug (D:11)
  A wretched star (Abyss:2)
  A death drake (shapeshifter) (Elf:1)
  A spriggan druid (WizLab)
  2 bog bodies (IceCv)
  A flayed ghost (D:10)
  A glowing orange brain (WizLab)
  6 wizards (WizLab)
  7 deep elf archers
  11 deep elf pyromancers
  6 orc knights (Orc:2)
  19 deep elf zephyrmancers
  3 orc sorcerers
  2 wolf spiders (Lair:5)
  A glowing shapeshifter (Elf:3)
  A guardian serpent (Lair:5)
  A cyclops (D:11)
  A worldbinder (WizLab)
  7 elephants
  An ice statue (IceCv)
  A torpor snail (Lair:3)
  5 black mambas
  2 water nymphs (WizLab)
  22 cane toads
  2 rime drakes
  An unseen horror (D:10)
  An anaconda simulacrum (IceCv)
  A freezing wraith (IceCv)
  2 kobold demonologists (D:10)
  10 komodo dragons
  3 trolls
  2 ice devils (D:11)
  2 polar bears
  2 saltlings (Elf:2)
  25 blink frogs
  5 hornets
  23 dream sheep
  4 air elementals
  2 slime creatures (Lair:4)
  2 culicivoras (Lair:3)
  Sigmund (D:3)
  14 wyverns
  2 shadows (D:11)
  5 fire elementals (Elf:1)
  A wraith (D:10)
  63 yaks
  3 water elementals
  5 golden eyes (WizLab)
  6 basilisks
  A death yak simulacrum (IceCv)
  3 redbacks (Lair:5)
  Menkaure (D:5)
  2 steam dragons
  Edmund (D:6)
  An acid dragon (D:11)
  A harpy simulacrum (IceCv)
  A hydra simulacrum (IceCv)
  Duvessa (D:4)
  25 water moccasins
  2 hell hounds (Elf:1)
  A sky beast (shapeshifter) (Elf:1)
  21 orc warriors
  An ice beast (D:5)
  2 sky beasts (D:7)
  A black bear (D:5)
  2 ogres (Orc:2)
  4 centaurs
  20 wolves
  2 phantoms
  4 kobold brigands
  An elf zombie (Ossuary)
  16 bullfrogs
  A gnoll sergeant (D:9)
  3 cane toad simulacra (IceCv)
  An earth elemental (Elf:3)
  7 two-headed ogre simulacra (IceCv)
  17 wights
  Dowan (D:4)
  A troll zombie (D:11)
  13 killer bees
  An elephant simulacrum (IceCv)
  2 electric eels
  6 howler monkeys
  11 jellies
  4 sleepcaps
  2 hounds (D:5)
  2 gnoll boudas
  28 orc priests
  6 iguanas
  19 orc wizards
  Natasha (D:4)
  4 spriggan simulacra (IceCv)
  A troll simulacrum (IceCv)
  5 wolf simulacra (IceCv)
  5 ogre zombies (D:11)
  3 mummies (Ossuary)
  13 gnolls
  6 naga simulacra (IceCv)
  8 adders
  A shadow imp (D:7)
  7 white imps
  8 ufetubi
  4 adder zombies (Ossuary)
  A worm (D:3)
  A dart slug (D:5)
  97 orcs
  7 bats
  7 endoplasms
  3 giant cockroaches
  7 goblins
  7 hobgoblins
  7 jackals
  17 kobolds
  8 quokkas
  4 ball pythons
  4 frilled lizards
  3 goblin zombies
  3 hobgoblin skeletons (D:11)
  5 hobgoblin zombies
  A kobold zombie (Ossuary)
  An orc skeleton (D:11)
  11 orc zombies (D:11)
  4 quokka zombies (Ossuary)
  5 rats
  4 rat zombies (Ossuary)
883 creatures vanquished.

Vanquished Creatures (collateral kills)
  An orc warrior (Orc:2)
  An orc priest (Orc:2)
  2 orcs (Orc:2)
4 creatures vanquished.

Vanquished Creatures (others)
  A water elemental (Elf:1)
  A water moccasin (Lair:4)
  An orc warrior (Orc:2)
  An ufetubus (IceCv)
  3 orcs
7 creatures vanquished.

Grand Total: 894 creatures vanquished

Notes
Turn   | Place    | Note
-------+----------+-------------------------------------------
     0 | D:1      | olmar the Armataur Fighter began the quest for the Orb.
     0 | D:1      | Reached XP level 1. HP: 19/19 MP: 1/1
   165 | D:1      | Reached XP level 2. HP: 26/26 MP: 2/2
   699 | D:1      | Reached XP level 3. HP: 33/33 MP: 3/3
   989 | D:2      | Reached XP level 4. HP: 15/40 MP: 4/4
  1628 | D:2      | Found a runed translucent door.
  1629 | D:2      | Noticed Crazy Yiuf
  2200 | D:3      | Found Nisu's Armour Boutique.
  2472 | D:3      | Noticed Sigmund
  2478 | D:3      | Killed Sigmund
  2479 | D:3      | Reached skill level 5 in Armour
  2479 | D:3      | Reached XP level 5. HP: 40/49 MP: 5/5
  2479 | D:3      | Reached XP level 6. HP: 45/55 MP: 6/6
  2840 | D:3      | Found a faded altar of an unknown god.
  3261 | D:4      | Found a hide-covered altar of Uskayaw.
  3523 | D:4      | Noticed Natasha
  3951 | D:4      | Reached XP level 7. HP: 56/63 MP: 7/7
  4454 | D:4      | Noticed Dowan
  4455 | D:4      | Noticed Duvessa
  4480 | D:5      | Entered Level 5 of the Dungeon
  4894 | D:5      | Identified the +4 robe of Ignis's Inspiration {*Corrode
                  | +Inv rPois rN++}
  4977 | D:5      | Reached skill level 5 in Maces & Flails
  5258 | D:5      | Noticed Menkaure
  5265 | D:5      | Killed Menkaure
  5266 | D:5      | Reached skill level 5 in Fighting
  5266 | D:5      | Reached XP level 8. HP: 18/72 MP: 8/8
  5515 | D:5      | Found Exaduocs's General Store.
  5518 | D:5      | Bought a potion of heal wounds for 55 gold pieces
  5518 | D:5      | Bought a potion of curing for 33 gold pieces
  5790 | D:6      | Noticed a two-headed ogre
  6200 | D:6      | Identified the +0 shortbow "Guupluvu" {freeze, Fly Stlth+}
  6210 | D:6      | Noticed a two-headed ogre
  6544 | D:6      | Found a staircase to the Ecumenical Temple.
  6603 | Temple   | Entered the Ecumenical Temple
  6625 | Temple   | Became a worshipper of Gozag Ym Sagoz the Greedy
  6934 | D:7      | Reached skill level 5 in Shields
  7001 | D:7      | Reached XP level 9. HP: 42/80 MP: 9/9
  7755 | D:7      | Found a shimmering altar of Xom.
  8155 | D:8      | Reached XP level 10. HP: 39/89 MP: 10/10
  8166 | D:8      | Found a staircase to the Lair.
  8207 | D:8      | Found a sand-covered staircase.
  8221 | Ossuary  | Entered an ossuary
  8647 | D:8      | Identified the +1 ring mail "Jacvoal" {+Blink}
  9241 | D:8      | Reached skill level 10 in Maces & Flails
  9241 | D:8      | Reached skill level 10 in Armour
 10102 | D:5      | Bought a potion of heal wounds for 55 gold pieces
 10102 | D:5      | Bought a potion of resistance for 110 gold pieces
 10197 | D:4      | Killed Dowan
 10210 | D:4      | Killed Duvessa
 10222 | D:4      | Killed Natasha
 10661 | D:6      | Noticed Edmund
 10675 | D:6      | Killed Edmund
 10676 | D:6      | Reached XP level 11. HP: 89/95 MP: 11/11
 10834 | D:6      | Killed a two-headed ogre
 11190 | D:9      | Noticed a lindwurm
 11308 | D:9      | Noticed a lindwurm
 11308 | D:9      | Noticed a lindwurm
 11346 | D:9      | Found a sacrificial altar of Ru.
 11621 | D:9      | Noticed a lindwurm
 11752 | D:10     | Entered Level 10 of the Dungeon
 11899 | D:10     | Noticed a two-headed ogre
 11906 | D:10     | Killed a two-headed ogre
 11986 | D:10     | Noticed a sun demon
 11987 | D:10     | Reached skill level 1 in Throwing
 12023 | D:10     | Found an ornate altar of the Wu Jian Council.
 12718 | D:10     | Found a glowing golden altar of the Shining One.
 12758 | D:10     | Found a radiant altar of Vehumet.
 13001 | D:10     | Noticed a flayed ghost
 13180 | Lair:1   | Entered Level 1 of the Lair of Beasts
 13405 | Lair:1   | Noticed a boulder beetle
 13427 | Lair:1   | Killed a boulder beetle
 13428 | Lair:1   | Reached skill level 1 in Evocations
 13978 | Lair:1   | Reached XP level 12. HP: 56/110 MP: 12/12
 15089 | Lair:2   | HP: 2/111 [komodo dragon (25)]
 15410 | Lair:2   | Found a staircase to the Swamp.
 15590 | Lair:2   | Noticed a death yak
 15625 | Lair:2   | Killed a death yak
 15928 | Lair:2   | Noticed a death yak
 15928 | Lair:2   | Noticed a death yak
 15928 | Lair:2   | Noticed a death yak
 16309 | D:11     | Found a frozen archway.
 16334 | IceCv    | Entered an ice cave
 18112 | IceCv    | Reached skill level 10 in Fighting
 19071 | D:11     | Found a staircase to the Orcish Mines.
 19266 | D:11     | Noticed Gastronok
 19279 | D:11     | Killed Gastronok
 19280 | D:11     | Reached XP level 13. HP: 101/120 MP: 13/13
 19296 | D:11     | Noticed Urug
 19309 | D:11     | Killed Urug
 19867 | Orc:1    | Entered Level 1 of the Orcish Mines
 20427 | Orc:1    | Paralysed by an orc sorcerer for 2 turns
 20946 | Orc:2    | Entered Level 2 of the Orcish Mines
 21195 | Orc:2    | Noticed Sonja
 21216 | Orc:1    | Bought the +6 chain mail "Neenodghy" {rC+ Str-2 Dex+4 SInv}
                  | for 625 gold pieces
 21216 | Orc:1    | Bought the +3 warlock's mirror {omnireflect} for 440 gold
                  | pieces
 21216 | Orc:1    | Found the +3 warlock's mirror {omnireflect}
 21216 | Orc:1    | Bought a +2 cloak of poison resistance for 203 gold pieces
 21326 | Orc:2    | Sonja changed into Sonja the hornet
 21326 | Orc:2    | Noticed Sonja
 21330 | Orc:2    | Killed Sonja the hornet
 21795 | Orc:2    | Found a staircase to the Elven Halls.
 21841 | Orc:2    | Noticed Maurice
 21843 | Orc:2    | Maurice changed into Maurice the rime drake
 21843 | Orc:2    | Noticed Maurice
 21845 | Orc:2    | Killed Maurice the rime drake
 23451 | Orc:2    | HP: 3/123 [sun demon[an orc high priest] (17)]
 23865 | Orc:2    | Found Goet's Jewellery Shoppe.
 23868 | Orc:2    | Found Dielagirch's Jewellery Shoppe.
 23869 | Orc:2    | Found Ovad's Distillery.
 23870 | Orc:2    | Found Etosall's General Store.
 23873 | Orc:2    | Bought 2 potions of curing for 90 gold pieces
 23873 | Orc:2    | Bought a potion of heal wounds for 75 gold pieces
 25073 | Lair:3   | Found a hole to the Spider Nest.
 25591 | Lair:3   | Reached skill level 10 in Shields
 25640 | Lair:3   | Reached XP level 14. HP: 64/132 MP: 14/14
 25646 | Lair:3   | Reached skill level 15 in Maces & Flails
 25860 | Lair:3   | Found a runed translucent door.
 25860 | Lair:3   | Noticed shakesphere1979's ghost (journeyman DgEE)
 27049 | Lair:4   | Found a staircase to the Slime Pits.
 27049 | Lair:4   | Found a viscous altar of Jiyva.
 27116 | Lair:4   | Found a dark tunnel.
 27136 | Volcano  | Entered a volcano
 27344 | Volcano  | Identified the +1 pair of boots "Qufroipn" {Rampage Drain
                  | rPois rCorr}
 28375 | Lair:5   | Entered Level 5 of the Lair of Beasts
 29697 | Lair:5   | Reached XP level 15. HP: 72/143 MP: 15/15
 30418 | Lair:5   | Found a runed translucent gate.
 30418 | Lair:5   | Found a runed translucent gate.
 30685 | Lair:5   | Noticed Newt's ghost (journeyman MfGl)
 30823 | Lair:5   | Identified the +1 rapier "Giant's Regret" {drain, Str-2
                  | Int+4 Dex+4}
 30921 | Lair:5   | Found a runed translucent gate.
 31197 | Elf:1    | Entered Level 1 of the Elven Halls
 31245 | Elf:1    | Noticed Asterion
 31248 | Elf:1    | Found a radiant altar of Vehumet.
 31265 | Elf:1    | Noticed an Executioner
 31267 | Elf:1    | Killed Asterion
 31283 | Elf:1    | Paralysed by an air elemental for 1 turns
 31915 | Elf:1    | Paralysed by an air elemental for 1 turns
 31919 | Elf:1    | Paralysed by an air elemental for 1 turns
 31923 | Elf:1    | Paralysed by an air elemental for 1 turns
 32455 | Elf:1    | Noticed Azrael
 32464 | Elf:1    | Killed Azrael
 33259 | Elf:1    | Reached skill level 15 in Armour
 35301 | Abyss:2  | Cast into level 2 of the Abyss (a deep elf demonologist)
 35304 | Abyss:2  | Found a corrupted altar of Lugonu.
 35362 | Elf:1    | Escaped the Abyss
 35489 | Elf:1    | Found a runed translucent gate.
 35489 | Elf:1    | Found a runed translucent gate.
 35489 | Elf:1    | Found a runed translucent gate.
 35489 | Elf:1    | Found a runed translucent gate.
 35489 | Elf:1    | Found a runed translucent gate.
 35492 | Elf:1    | Found a runed translucent gate.
 35494 | Elf:1    | Noticed a shadow dragon
 35495 | Elf:1    | Noticed a storm dragon
 35803 | Elf:2    | Got the Encyclopedia of Black Deeds
 35827 | Elf:2    | Found a magical portal.
 35832 | WizLab   | Entered Alistair's Party Mansion
 35999 | WizLab   | Reached XP level 16. HP: 125/155 MP: 16/16
 36097 | WizLab   | Noticed an acid blob
 36108 | WizLab   | Killed an acid blob
 36518 | WizLab   | Noticed a sphinx
 36522 | WizLab   | Killed a sphinx
 36654 | WizLab   | Noticed a golden dragon
 36822 | Elf:2    | Acquired a manual of Fighting
 36828 | Elf:2    | Bought the +9 mace of Ad Valorem {vamp, *Rage rF+ rC++ rN+}
                  | for 1226 gold pieces
 37113 | Elf:2    | Found a runed translucent gate.
 37114 | Elf:2    | Found a runed translucent gate.
 37114 | Elf:2    | Found a runed translucent gate.
 37252 | Elf:3    | Entered Level 3 of the Elven Halls
 37358 | Elf:3    | Found Ijeowk's Antique Armour Emporium.
 37361 | Elf:3    | Bought a brightly glowing helmet for 351 gold pieces
 37361 | Elf:3    | Identified the +2 helmet of the Sunfish {rElec rF- SInv}
                  | (You bought it in a shop on level 3 of the Elven Halls)
 37944 | Elf:3    | Slain by an earth elemental

Illustrated notes

Levels and vault maps discovered:
D:1:      dpeg_arrival_water_temple_mockup, layout_basic
D:2:      layout_basic, uniq_crazy_yiuf_cottage
D:3:      layout_loops_corners, hellmonk_ecumenical_altar_defaced_shrine,
          serial_shops, shop, uniq_sigmund
D:4:      layout_layer_cave, mainiacjoe_overflow_boulevard,
          minmay_misc_feat_secret_circle, minmay_misc_feat_x, uniq_duvessa,
          uniq_natasha
D:5:      layout_basic, serial_shops, kennysheep_mini_moat, uniq_menkaure
D:6:      layout_basic, minmay_temple_entry_statues_fountains,
          minmay_checkerbox, uniq_edmund
D:7:      layout_basic, mainiacjoe_overflow_24_doors
D:8:      layout_basic, minmay_lair_entry_grove, special_room
          [special_room_orc], lightli_ossuary_entry_decrepit_ruins,
          serial_bayou_crossing
D:9:      layout_loops_ring, mainiacjoe_overflow_cross_hatched,
          minmay_lindwurm_lava
D:10:     layout_stronghold, nicolae_wu_jian_wuxing_cycle,
          nicolae_overflow_squiral, kennysheep_island_fort
D:11:     layout_loops_ring, zombieorc1_lemuel, portal_ice_cave_demonic_guard,
          kennysheep_cross_room, uniq_urug, uniq_gastronok
Temple:   kb_temple_of_zot
Lair:1:   layout_regular_city
Lair:2:   layout_layer_cave, swamp_mist_pool, lemuel_fruit_fields
Lair:3:   layout_small_grid, hellmonk_spider_entry_life_and_decay,
          hellmonk_ghost_happy_afterlife, grunt_megastairs_3,
          serial_bayou_shore_b
Lair:4:   layout_big_grid, minmay_slime_entry_pillars,
          nicolae_volcano_entry_lava_flow
Lair:5:   hangedman_lair_tendril_chambers, layout_regular_city,
          maelrawn_ghost_gauntlet_escape
Orc:1:    layout_caves, nicolae_orc_stony_grotto
Orc:2:    st_orc_pillars, layout_caves, uniq_maurice, uniq_sonja
Elf:1:    eino_elf_arrival_altar, layout_geoelf_octagon, orc_legates,
          uniq_asterion, uniq_azrael
Elf:2:    nicolae_elf_blades_crystal_corner, layout_gridlike, serial_shops,
          shop, mu_enter_wizlab_1, portal_desolation_entry_salt,
          lemuel_upstairs_altar
Elf:3:    minmay_elf_hall_quartered_circle, layout_rooms, serial_shops,
          nicolae_shop_behind_doors, minmay_misc_feat_pillars

Skill      XL: |  1  2  3  4  5  6  7  8  9 10 11 12 13 14 15 16 |
---------------+-------------------------------------------------+-----
Fighting       | 3 4 5 6 7 8 10 11 12 13 14 | 14.9
Maces & Flails | 2 3 4 5 7 9 10 12 13 14 16 17 | 17.4
Armour         | 4 5 6 8 9 10 12 13 14 15 17 | 17.0
Shields        | 4 5 6 7 8 10 11 12 13 | 13.7
Throwing       | 1 |  1.0
Evocations     | 1 2 3 |  3.1
Dodging        | |  0.4
Stealth        | |  0.1

Action                     |  1- 3 |  4- 6 |  7- 9 | 10-12 | 13-15 | 16-18 || total
---------------------------+-------+-------+-------+-------+-------+-------++-------
  Melee: Flail             |   149 |   142 |   170 |       |       |       ||   461
         Tailslap          |     6 |    12 |    49 |   137 |   239 |    34 ||   477
         Whip              |       |       |    31 |       |     5 |       ||    36
         Morningstar       |       |       |   136 |   959 |  1429 |    97 ||  2621
         Mace              |       |       |       |       |       |   149 ||   149
  Throw: Dart              |       |       |       |    33 |    72 |       ||   105
         Javelin           |       |       |       |       |    25 |     1 ||    26
 Invoke: Potion Petition   |       |       |       |     1 |     4 |       ||     5
         Call Merchant     |       |       |       |       |     1 |     2 ||     3
  Evoke: Wand              |       |       |       |    17 |    32 |       ||    49
         Lightning rod     |       |       |       |       |     3 |       ||     3
    Use: Scroll            |       |     5 |    10 |     8 |    12 |     4 ||    39
         Potion            |       |     1 |     3 |    10 |    10 |     4 ||    28
   Stab: Distracted        |       |       |       |     5 |     8 |     4 ||    17
         Invisible         |       |       |       |     3 |     7 |       ||    10
         Petrifying        |       |       |       |       |     3 |       ||     3
         Sleeping          |       |       |       |       |     2 |       ||     2
         Confused          |       |       |       |       |     1 |       ||     1
 Armour: Scale mail        |    60 |       |       |       |       |       ||    60
         Chain mail        |    45 |    74 |   199 |   231 |   576 |    90 ||  1215
         Leather armour    |       |       |       |    25 |    26 |       ||    51
         Skin              |       |       |       |       |     2 |       ||     2
  Dodge: Dodged            |    72 |    36 |   115 |   174 |   282 |    32 ||   711
  Block: Buckler           |    41 |    34 |    75 |    38 |   505 |    74 ||   767
         Kite shield       |       |       |       |   316 |    38 |       ||   354
         Reflection        |       |       |       |       |    31 |    11 ||    42

Table legend: (Time is in decaauts)
 A = Elapsed time spent in this place.
 B = Non-inter-level travel time spent in this place.
 C = Inter-level travel time spent in this place.
 D = Time resting spent in this place.
 E = Time spent auto-exploring this place.
 F = Levels seen in this place.
 G = Mean time per level.
                   A        B        C        D        E       F      G
               +--------+--------+--------+--------+--------+-----+--------+
         Total |  37666 |  36298 |   1368 |  12572 |  16295 |  28 | 1345.2 |
       Dungeon |  14938 |  13944 |    994 |   2974 |   8035 |  11 | 1358.0 |
        Temple |     42 |      2 |     40 |      0 |      0 |   1 |   42.0 |
          Lair |   8979 |   8773 |    206 |   2230 |   4798 |   5 | 1795.8 |
  Orcish Mines |   4241 |   4178 |     63 |   1827 |   1637 |   2 | 2120.5 |
   Elven Halls |   5605 |   5542 |     63 |   3616 |   1050 |   3 | 1868.3 |
         Abyss |     58 |     58 |      0 |      0 |     20 |   2 |   29.0 |
       Ossuary |    280 |    280 |      0 |     67 |    107 |   1 |  280.0 |
      Ice Cave |   2178 |   2178 |      0 |   1297 |    491 |   1 | 2178.0 |
       Volcano |    386 |    386 |      0 |    153 |    120 |   1 |  386.0 |
        Wizlab |    955 |    955 |      0 |    406 |     37 |   1 |  955.0 |
               +--------+--------+--------+--------+--------+-----+--------+

Top non-repeatable levels by time:
   Elf:1: 4397 daAuts
   Orc:2: 3116 daAuts
  Lair:5: 2576 daAuts
   IceCv: 2178 daAuts
  Lair:2: 2089 daAuts
     D:4: 2002 daAuts
  Lair:3: 1822 daAuts
    D:11: 1659 daAuts
     D:8: 1516 daAuts
    D:10: 1495 daAuts
  Lair:1: 1446 daAuts
     D:5: 1416 daAuts
     D:9: 1315 daAuts
     D:6: 1227 daAuts
     D:7: 1222 daAuts
